 Dungeon Crawl Stone Soup version 0.26.1-2-gb8aa6d0cf2 (webtiles) character file.

Game seed: 6948326367000296708

130752 SamuraiZach the Bludgeoner (level 16, -16/149 HPs)
             Began as a Minotaur Fighter on Mar 3, 2021.
             Was a High Priest of Cheibriados.
             Killed from afar by a crystal guardian (28 damage)
             ... with a crystal bolt
             ... on level 3 of the Abyss.
             The game lasted 00:30:18 (23400 turns).

SamuraiZach the Bludgeoner (Minotaur Fighter)      Turns: 23400, Time: 00:30:19

Health: -16/149    AC: 20    Str: 56    XL:     16   Next: 53%
Magic:  3/23       EV:  9    Int: 28    God:    Cheibriados [*****.]
Gold:   2735       SH: 20    Dex: 25    Spells: 15/15 levels left

rFire    . . .     SeeInvis .   B - +9 flail of the Stoat {vorpal, rElec Int+3}
rCold    + . .     Faith    .   l - +1 kite shield {rC+}
rNeg     . . .     Spirit   .   S - +0 plate armour of Space {Str+6}
rPois    .         Reflect  .   b - +0 hat
rElec    +         Harm     .   I - +0 cloak "Utwyo" {Stlth+}
rCorr    .         Rampage  .   z - +0 pair of gloves {Str+3}
Will     +....                  (no boots)
Stlth    ..........             g - amulet of regeneration
HPRegen  0.74/turn              A - +6 ring of intelligence
MPRegen  0.18/turn              w - +6 ring of strength

@: mighty, very slow
A: retaliatory headbutt, horns 2
a: Renounce Religion, Bend Time, Temporal Distortion, Slouch, Step From Time


You were on level 3 of the Abyss.
You worshipped Cheibriados.
Cheibriados was extremely pleased with you.
You visited 3 branches of the dungeon, and saw 23 of its levels.
You visited the Abyss 1 time.
You also visited: Ice Cave.

You collected 3011 gold pieces.
You spent 276 gold pieces at shops.

Inventory:

Hand Weapons
 B - the +9 flail of the Stoat (weapon) {vorpal, rElec Int+3}
   (You found it on level 8 of the Dungeon)

   It inflicts extra damage upon your enemies.
   It affects your intelligence (+3).
   It insulates you from electricity.
Missiles
 a - 12 javelins (quivered)
Armour
 b - a +0 hat (worn)
 l - a +1 kite shield of cold resistance (worn)
 t - a +3 plate armour
 z - a +0 pair of gloves of strength (worn)
 I - the +0 cloak "Utwyo" (worn) {Stlth+}
   (You found it in an ice cave)

   It makes you more stealthy.
 S - the +0 plate armour of Space (worn) {Str+6}
   (You found it on level 6 of the Lair of Beasts)

   It affects your strength (+6).
Jewellery
 c - a cursed ring of wizardry {unknown}
 g - an amulet of regeneration (around neck)
 w - a +6 ring of strength (right hand)
 A - a +6 ring of intelligence (left hand)
 J - an uncursed ring of protection from cold {unknown}
 K - an uncursed ring of protection from cold {unknown}
 M - a cursed -4 ring of evasion {unknown}
 N - an uncursed ring of resist corrosion {unknown}
 P - a +4 ring of evasion {unknown}
 Q - an uncursed amulet of magic regeneration {unknown}
 R - a +4 ring of evasion {unknown}
Wands
 n - a wand of enslavement (26)
 s - a wand of iceblast (29)
 x - a wand of paralysis (9)
 G - a wand of flame (44)
 H - a wand of acid (9)
Scrolls
 f - 4 scrolls of fog {unknown}
 h - 10 scrolls of teleportation
 k - 6 scrolls of immolation
 m - 4 scrolls of enchant armour
 o - 12 scrolls of remove curse
 q - 2 scrolls of random uselessness
 r - 10 scrolls of amnesia
 u - 3 scrolls of magic mapping
 v - 7 scrolls of enchant weapon
 y - 7 scrolls of blinking
 C - 8 scrolls of identify
 L - 2 scrolls of torment {unknown}
 O - 2 scrolls of fear
Potions
 d - 3 potions of might
 e - 9 potions of curing
 i - a potion of attraction
 j - 2 potions of mutation
 D - a potion of resistance
 E - a potion of flight
 F - a potion of berserk rage
 T - a potion of brilliance


   Skills:
 + Level 15.1 Fighting
 * Level 19.9 Maces & Flails
 + Level 15.1 Armour
 + Level 15.1 Shields
 - Level 11.0 Invocations


You had 15 spell levels left.
You didn't know any spells.
Your spell library contained the following spells:

 Spells                   Type           Power        Failure   Level
 Animate Skeleton         Necr           0%           28%         1
 Apportation              Tloc           0%           28%         1
 Beastly Appendage        Tmut           0%           28%         1
 Corona                   Hex            0%           28%         1
 Foxfire                  Conj/Fire      0%           28%         1
 Shock                    Conj/Air       0%           28%         1
 Summon Small Mammal      Summ           0%           28%         1
 Swiftness                Air            0%           38%         2
 Wereblood                Tmut           0%           38%         2
 Conjure Flame            Conj/Fire      0%           63%         3
 Inner Flame              Hex/Fire       0%           63%         3
 Spider Form              Tmut/Pois      0%           63%         3
 Static Discharge         Conj/Air       0%           63%         3
 Airstrike                Air            0%           95%         4
 Ice Form                 Ice/Tmut       0%           95%         4
 Sticky Flame             Conj/Fire      0%           95%         4
 Blade Hands              Tmut           0%           100%        5
 Fireball                 Conj/Fire      0%           100%        5
 Lightning Bolt           Conj/Air       0%           100%        5
 Metabolic Englaciation   Hex/Ice        0%           100%        5
 Freezing Cloud           Conj/Ice/Air   0%           100%        6
 Ozocubu's Refrigeration  Ice            0%           100%        6
 Simulacrum               Ice/Necr       0%           100%        6


Dungeon Overview and Level Annotations

Branches:
Dungeon (15/15)            Temple (0/1) D:5            Lair (6/6) D:8
  Swamp (0/4) Lair:2       Spider (0/4) Lair:3        Slime (0/5) Lair:6
    Orc (2/2) D:11            Elf (0/3) Orc:2        Vaults (0/5) D:14
  IceCv (visited)
 Depths: D:15

Altars:
Cheibriados
Nemelex Xobeh
Uskayaw
Wu Jian
Xom
Zin
The Shining One
Jiyva
Lugonu

Shops:
D:4 ?   D:7 !   Orc:1 *   Orc:2 =[*

Annotations:
D:11 exclusion: ice statue
D:12 1 transporter
D:15 Louise
Lair:2 exclusion: 3 oklob plants
Lair:6 exclusion: 3 oklob plants


Innate Abilities, Weirdness & Mutations

You reflexively headbutt those who attack you in melee.
You have a pair of horns on your head.


Message History

Cheibriados thoroughly appreciates the change of pace.
You feel a bit more experienced.
You kill the scorpion!
Cheibriados appreciates the change of pace.
You destroy the thrashing horror!
Cheibriados thoroughly appreciates the change of pace. x2
You feel a bit more experienced.
Cheibriados thoroughly appreciates the change of pace.
You feel a bit more experienced.
You destroy the thrashing horror!
Cheibriados thoroughly appreciates the change of pace. x2
You feel a bit more experienced.
Cheibriados thoroughly appreciates the change of pace.
You feel a bit more experienced.
A thrashing horror comes into view.
You block the anaconda's attack. x2
A thrashing horror comes into view.
The crystal guardian fires a crystalline bolt at you.
The crystal bolt burns you!!
You die...

#... .... ...#
..... ≈.. #....
######.###......
###.#.#.#.... ....
##.......#........
(##..D....#.......
φ('∩..8..##.......
XX'...S@..##∩.....
/('...8h.## ......
>##.......# ......
##.......#.. ....
###.#.#.#.........
######..#.#.. ..#
. # ... ..


You could see a six-headed hydra, 2 crystal guardians, an anaconda, 2 thrashing
horrors and a polar bear.

Vanquished Creatures
  Jorgrun (D:12)
  Rupert (Lair:4)
  Kirke (D:15)
  The ghost of Sassenached the Warrior, an adept HuWn of Makhleb (Orc:2)
  A frost giant (IceCv)
  The ghost of MirrMurr the Thaumaturge, a journeyman GnIE of Gozag (Lair:3)
  2 entropy weavers (Lair:5)
  Snorg (Lair:4)
  A yaktaur captain (D:14)
  Josephine (D:11)
  A fire dragon (D:15)
  8 hydras
  Erolcha (D:12)
  5 ogre magi
  Fannar (D:10)
  Harold (D:9)
  3 boulder beetles
  3 catoblepae (Lair:6)
  19 two-headed ogres
  2 centaur warriors
  A dancing weapon (Lair:3)
  Urug (Orc:2)
  A tengu warrior (D:14)
  20 death yaks
  3 thrashing horrors
  A queen ant (Lair:5)
  Nergalle (D:10)
  3 skeletal warriors (D:15)
  A death drake (shapeshifter) (D:12)
  6 unseen horrors (Abyss:3)
  A deep troll (shapeshifter) (D:12)
  Pikel (D:4)
  3 bog bodies (Lair:2)
  4 orc knights
  A large abomination (D:12)
  An orc sorcerer (Orc:2)
  2 cyclopes
  2 ugly things
  4 manticores
  A moth of wrath (shapeshifter) (D:14)
  Maurice (Orc:1)
  11 elephants
  7 black mambas
  An ice statue (IceCv)
  9 cane toads
  A guardian serpent (shapeshifter) (Abyss:3)
  A gargoyle (D:10)
  Maggie (Lair:1)
  2 rime drakes (IceCv)
  13 komodo dragons
  2 yaktaurs (D:14)
  4 red devils (D:15)
  5 tengu conjurers
  9 trolls
  18 polar bears
  A harpy skeleton (D:15)
  A hornet (Lair:3)
  3 slime creatures (D:14)
  13 blink frogs
  A shadow (D:15)
  80 yaks
  7 wraiths
  A vampire (D:14)
  12 wyverns
  5 basilisks
  7 hogs (D:15)
  3 vampire mosquitoes (D:15)
  23 soldier ants (Lair:5)
  3 wargs (Orc:1)
  21 water moccasins
  A floating eye (Lair:6)
  17 orc warriors
  6 black bears
  5 small abominations (D:12)
  5 sky beasts
  5 ice beasts
  3 phantoms
  A necrophage (D:5)
  30 ogres
  13 centaurs
  21 wolves
  A lemure (D:4)
  2 big kobolds
  Blork the orc (D:6)
  A gnoll sergeant (D:7)
  19 bullfrogs
  A water moccasin zombie (D:7)
  A scorpion (Lair:2)
  A scorpion (shapeshifter) (Abyss:3)
  3 killer bees (D:7)
  16 wights
  An electric eel (Lair:2)
  13 howler monkeys
  A crimson imp (D:4)
  3 bullfrog zombies
  7 orc priests
  4 hounds
  3 bullfrog skeletons
  2 jellies
  A gnoll shaman (D:6)
  22 orc wizards
  4 centaur skeletons
  5 iguanas
  27 worker ants
  7 hell rats (Lair:3)
  2 hound zombies
  A hound skeleton (D:9)
  A howler monkey zombie (D:10)
  A howler monkey skeleton (D:2)
  9 adders
  14 gnolls
  16 white imps
  2 ufetubi
  2 adder skeletons
  4 worms
  2 dart slugs
  4 leopard geckos
  86 orcs
  A ball python (D:4)
  10 bats
  4 giant cockroaches
  9 hobgoblins
  8 jackals
  3 quokkas
  2 frilled lizards
  6 goblins
  A goblin zombie (D:4)
  3 hobgoblin zombies (D:4)
  25 kobolds
  A kobold skeleton (D:4)
  An orc skeleton (D:4)
  An orc zombie (D:4)
  8 rats
  A lurking horror (Abyss:3)
  A plant (Lair:2)
861 creatures vanquished.

Vanquished Creatures (others)
  A komodo dragon (Lair:6)
  2 bushes (Lair:6)
  26 fungi
  46 plants
  A withered plant (D:15)
76 creatures vanquished.

Grand Total: 937 creatures vanquished

Notes
Turn   | Place    | Note
-------+----------+-------------------------------------------
     0 | D:1      | SamuraiZach the Minotaur Fighter began the quest for the
                  | Orb.
     0 | D:1      | Reached XP level 1. HP: 19/19 MP: 0/0
   135 | D:1      | Reached XP level 2. HP: 27/27 MP: 1/1
   214 | D:1      | Reached skill level 3 in Maces & Flails
   750 | D:2      | Reached XP level 3. HP: 31/33 MP: 2/2
   886 | D:2      | Found a snail-covered altar of Cheibriados.
   949 | D:2      | Became a worshipper of Cheibriados the Contemplative
   970 | D:2      | Reached XP level 4. HP: 40/40 MP: 3/3
  1157 | D:2      | Found a faded altar of an unknown god.
  1240 | D:2      | Reached skill level 4 in Maces & Flails
  1320 | D:2      | Reached * piety under Cheibriados
  1678 | D:3      | Reached XP level 5. HP: 27/47 MP: 4/4
  2637 | D:3      | Reached skill level 1 in Invocations
  2905 | D:4      | Noticed a lemure
  2905 | D:4      | Noticed Pikel
  2906 | D:4      | Noticed a lemure
  2906 | D:4      | Noticed a lemure
  2906 | D:4      | Noticed a lemure
  2914 | D:4      | Killed a lemure
  2918 | D:4      | Killed Pikel
  2919 | D:4      | Reached skill level 5 in Fighting
  2919 | D:4      | Reached skill level 6 in Maces & Flails
  2919 | D:4      | Reached skill level 5 in Armour
  2919 | D:4      | Reached skill level 5 in Shields
  2919 | D:4      | Reached XP level 6. HP: 13/56 MP: 4/6
  2919 | D:4      | Reached XP level 7. HP: 14/61 MP: 4/7
  2922 | D:4      | Reached ** piety under Cheibriados
  3330 | D:4      | Found a glowing golden altar of the Shining One.
  3401 | D:4      | Found Xoegaor's Magic Scroll Boutique.
  3670 | D:5      | Entered Level 5 of the Dungeon
  3729 | D:5      | Reached XP level 8. HP: 61/70 MP: 9/9
  3739 | D:5      | Reached skill level 7 in Maces & Flails
  4061 | D:5      | Found the +4 moon troll leather armour {Spirit, Regen++
                  | MP+5}
  4259 | D:5      | Found a staircase to the Ecumenical Temple.
  4372 | D:6      | Found a glowing silver altar of Zin.
  4411 | D:6      | Reached *** piety under Cheibriados
  4517 | D:6      | Reached skill level 8 in Maces & Flails
  5059 | D:6      | Reached XP level 9. HP: 38/78 MP: 11/11
  5410 | D:6      | Found a sparkling altar of Nemelex Xobeh.
  5426 | D:6      | Noticed Blork the orc
  5429 | D:6      | Killed Blork the orc
  5818 | D:7      | Reached skill level 9 in Maces & Flails
  5861 | D:7      | Reached **** piety under Cheibriados
  6472 | D:7      | Reached skill level 5 in Invocations
  7106 | D:7      | Found Okucunav's Distillery.
  7129 | D:7      | Reached skill level 10 in Maces & Flails
  7167 | D:7      | Bought a potion of heal wounds for 60 gold pieces
  7167 | D:7      | Bought a potion of invisibility for 96 gold pieces
  7295 | D:8      | Got a twisted flail
  7296 | D:8      | Identified the +9 flail of the Stoat {vorpal, rElec Int+3}
                  | (You found it on level 8 of the Dungeon)
  7373 | D:8      | Reached XP level 10. HP: 68/88 MP: 13/13
  7397 | D:8      | Reached ***** piety under Cheibriados
  7547 | D:8      | Found a staircase to the Lair.
  8223 | D:9      | Reached skill level 11 in Maces & Flails
  8346 | D:9      | Found an ornate altar of the Wu Jian Council.
  8744 | D:9      | Noticed Harold
  8764 | D:9      | Killed Harold
  8910 | D:10     | Entered Level 10 of the Dungeon
  8923 | D:10     | Noticed a centaur warrior
  8927 | D:10     | Noticed a two-headed ogre
  8932 | D:10     | Killed a two-headed ogre
  8933 | D:10     | Reached XP level 11. HP: 57/97 MP: 14/14
  8934 | D:10     | Killed a centaur warrior
  8935 | D:10     | Reached skill level 12 in Maces & Flails
  8980 | D:10     | Reached ****** piety under Cheibriados
  9006 | D:10     | Noticed Fannar
  9013 | D:10     | Killed Fannar
  9061 | D:10     | Noticed a two-headed ogre
  9064 | D:10     | Killed a two-headed ogre
  9377 | D:10     | Noticed Nergalle
  9391 | D:10     | Killed Nergalle
 10198 | D:11     | Noticed Josephine
 10204 | D:11     | Killed Josephine
 10205 | D:11     | Reached skill level 10 in Fighting
 10205 | D:11     | Reached skill level 10 in Armour
 10205 | D:11     | Reached skill level 10 in Shields
 10207 | D:11     | Reached skill level 13 in Maces & Flails
 10259 | D:11     | Found a staircase to the Orcish Mines.
 10269 | D:11     | Noticed a purple ugly thing
 10276 | D:11     | Killed a purple ugly thing
 10979 | D:12     | Noticed a purple ugly thing
 10980 | D:12     | Noticed a thrashing horror
 10980 | D:12     | Noticed a large abomination
 10983 | D:12     | Found a corrupted altar of Lugonu.
 11118 | D:12     | Noticed a two-headed ogre
 11123 | D:12     | Killed a two-headed ogre
 11261 | D:12     | Noticed Jorgrun
 11272 | D:12     | Killed Jorgrun
 11273 | D:12     | Reached XP level 12. HP: 95/107 MP: 15/17
 11318 | D:12     | Noticed Erolcha
 11331 | D:12     | Killed Erolcha
 11593 | D:12     | Found a transporter.
 11595 | D:12     | Identified the +9 dagger of Idebber {pain, Str+2}
 11596 | D:12     | Found a transporter.
 11825 | D:12     | Reached skill level 14 in Maces & Flails
 12223 | D:13     | Noticed a boulder beetle
 12228 | D:13     | Killed a boulder beetle
 12649 | D:13     | Noticed a centaur warrior
 12658 | D:13     | Killed a centaur warrior
 13544 | Orc:1    | Entered Level 1 of the Orcish Mines
 13554 | Orc:1    | Found Jyenyer's General Store.
 13586 | Orc:1    | Reached XP level 13. HP: 94/116 MP: 18/18
 13731 | Orc:1    | Noticed Maurice
 13739 | Orc:1    | Reached skill level 15 in Maces & Flails
 13741 | Orc:1    | Killed Maurice
 14208 | Orc:2    | Entered Level 2 of the Orcish Mines
 14208 | Orc:2    | Found a staircase to the Elven Halls.
 14208 | Orc:2    | Noticed Urug
 14218 | Orc:2    | Killed Urug
 14348 | Orc:2    | Found a runed translucent gate.
 14348 | Orc:2    | Found a runed translucent gate.
 14348 | Orc:2    | Found a runed translucent gate.
 14349 | Orc:2    | Noticed Sassenached's ghost (adept HuWn)
 14374 | Orc:2    | Killed Sassenached's ghost
 14730 | Orc:2    | Found Bisto's Jewellery Emporium.
 14730 | Orc:2    | Found Vuintaol's Weapon Boutique.
 14746 | Orc:2    | Reached skill level 16 in Maces & Flails
 14751 | Orc:2    | Reached skill level 10 in Invocations
 14765 | Orc:2    | Reached XP level 14. HP: 65/127 MP: 7/20
 14822 | Orc:2    | Found Nuun's General Store.
 14822 | Orc:2    | Found Weuhag's Antique Armour Emporium.
 14833 | Orc:2    | Bought a shiny kite shield for 120 gold pieces
 15378 | Lair:1   | Entered Level 1 of the Lair of Beasts
 15903 | Lair:1   | Noticed Maggie
 15909 | Lair:1   | Killed Maggie
 16287 | Lair:2   | Found a frozen archway.
 16313 | IceCv    | Entered an ice cave
 16821 | IceCv    | Noticed a frost giant
 16829 | IceCv    | Killed a frost giant
 16832 | IceCv    | Reached skill level 17 in Maces & Flails
 16866 | IceCv    | Got an encrusted cloak
 16877 | IceCv    | Identified the +0 cloak "Utwyo" {Stlth+} (You found it in
                  | an ice cave)
 17381 | Lair:2   | Found a staircase to the Swamp.
 18017 | Lair:3   | Found a hide-covered altar of Uskayaw.
 18017 | Lair:3   | Found an ornate altar of the Wu Jian Council.
 18064 | Lair:3   | Found a runed translucent door.
 18064 | Lair:3   | Found a shimmering altar of Xom.
 18064 | Lair:3   | Noticed MirrMurr's ghost (journeyman GnIE)
 18192 | Lair:3   | Found a hole to the Spider Nest.
 18599 | Lair:3   | Killed MirrMurr's ghost
 18656 | Lair:4   | Noticed Snorg
 18666 | Lair:4   | Killed Snorg
 18674 | Lair:4   | Reached XP level 15. HP: 99/136 MP: 22/22
 18881 | Lair:4   | Noticed Rupert
 18882 | Lair:4   | Paralysed by Rupert for 6 turns
 18899 | Lair:4   | Killed Rupert
 19126 | Lair:4   | Reached skill level 18 in Maces & Flails
 20870 | Lair:6   | Entered Level 6 of the Lair of Beasts
 21010 | Lair:6   | Got a fine plate armour
 21106 | Lair:6   | Identified the +0 plate armour of Space {Str+6} (You found
                  | it on level 6 of the Lair of Beasts)
 21187 | Lair:6   | Paralysed by a floating eye for 4 turns
 21226 | Lair:6   | Reached skill level 19 in Maces & Flails
 21499 | Lair:6   | Reached XP level 16. HP: 147/147 MP: 23/23
 21803 | Lair:6   | Found a viscous altar of Jiyva.
 21803 | Lair:6   | Found a staircase to the Slime Pits.
 22443 | D:14     | Found a gate to the Vaults.
 22880 | D:15     | Entered Level 15 of the Dungeon
 23267 | D:15     | Noticed Kirke
 23272 | D:15     | Reached skill level 15 in Armour
 23274 | D:15     | Killed Kirke
 23277 | D:15     | Reached skill level 15 in Fighting
 23277 | D:15     | Reached skill level 15 in Shields
 23391 | D:15     | Identified the cursed +0 tower shield "Kivuete" {rN+}
 23391 | D:15     | Noticed Louise
 23391 | D:15     | Cast into level 3 of the Abyss (Louise)
 23400 | Abyss:3  | Killed from afar by a crystal guardian

Illustrated notes

Levels and vault maps discovered:
D:1:      lemuel_arrival_muddy, layout_loops_ring
D:2:      layout_basic, chequers_ecumenical_altar_simple, st_stairs_11,
          kennysheep_slug_shrine
D:3:      layout_loops_corners
D:4:      layout_cave_pools, serial_shops, nicolae_shop_waterfront,
          nicolae_tso_besieged_by_evil, uniq_pikel
D:5:      layout_rooms, minmay_temple_entry_nine_rooms,
          chequers_serial_rivers_large_a
D:6:      layout_cave_pools, nicolae_overflow_hidden_temple, minivault_11,
          uniq_blork_the_orc
D:7:      layout_basic, serial_shops, nicolae_shop_trees,
          chequers_decorated_corner
D:8:      layout_basic, minmay_lair_entry_grove
D:9:      layout_roguey, old_standard_altar, serial_corexii_hall,
          chequers_hall_statues_y, corexii_hall_statues_x, uniq_harold
D:10:     layout_basic, uniq_nergalle, uniq_fannar
D:11:     cheibrodos_frozen_isle, layout_cave_pods, orc_0_dummy, serial_rivers,
          chequers_serial_rivers_micro_c, chequers_serial_rivers_marsh,
          chequers_serial_rivers_room_b, chequers_serial_rivers_micro_a,
          chequers_serial_rivers_micro_b, chequers_arboretum, uniq_josephine
D:12:     gammafunk_corrupted_shrine, layout_gridville, uniq_jorgrun,
          uniq_erolcha
D:13:     layout_stronghold
D:14:     layout_roguey, david_vaults_2, minivault_23
D:15:     gammafunk_depths_entry_grave, layout_irregular_city,
          einodemon_armed_red_devil_minivault, uniq_roxanne, uniq_kirke,
          uniq_louise
Lair:1:   layout_layer_cave, uniq_maggie
Lair:2:   layout_long_grid, nicolae_swamp_entry_splash_gauntlet,
          portal_ice_cave_entry_imps, grunt_megastairs_2,
          minmay_lair_oklob_chamber
Lair:3:   layout_chaotic_city, spider_nest_entry_a, ebering_ghost_xom,
          nzn_masters_of_martial_movement
Lair:4:   layout_cave_pods, uniq_snorg, uniq_rupert
Lair:5:   layout_big_grid, minivault_29, serial_bayou_shore_b
Lair:6:   evilmike_catoblepas_cave, layout_misc_corridors,
          dpeg_slime_entry_enclosed_altar, disabler_island, serial_bayou_shore_b
Orc:1:    layout_diamond_mine, serial_shops, nicolae_shop_trees, uniq_maurice
Orc:2:    st_orc_ogre_mass, layout_diamond_mine, ebering_ghost_rock_garden,
          uniq_urug
Abyss:3:  base: D:2, abyss_greek_temple,
          hangedman_grunt_abyss_rune_horror_hoard, hangedman_elemental_corridor

Skill      XL: |  1  2  3  4  5  6  7  8  9 10 11 12 13 14 15 16 |
---------------+-------------------------------------------------+-----
Maces & Flails | 3 4 6 8 10 11 13 14 16 17 19 | 19.9
Fighting       | 4 5 6 8 9 10 11 12 13 14 15 | 15.1
Shields        | 4 5 6 7 9 10 11 12 13 14 15 | 15.1
Armour         | 4 5 6 8 9 10 11 12 13 14 15 | 15.1
Invocations    | 2 3 4 5 6 8 9 10 11 | 11.0

Action                   |  1- 3 |  4- 6 |  7- 9 | 10-12 | 13-15 | 16-18 || total
-------------------------+-------+-------+-------+-------+-------+-------++-------
Melee: Flail             |    83 |   105 |   305 |   362 |   844 |   172 ||  1871
       Headbutt          |    13 |    19 |    91 |   111 |   290 |    68 ||   592
Invok: Slouch            |       |       |     1 |     5 |    14 |     4 ||    24
       Step From Time    |       |       |       |       |       |     1 ||     1
  Use: Potion            |       |     1 |     7 |     1 |     3 |     3 ||    15
       Scroll            |       |       |       |    14 |       |     1 ||    15
Armor: Scale mail        |    29 |    48 |       |       |       |       ||    77
       Plate armour      |       |    23 |   177 |   174 |   266 |    90 ||   730
       Skin              |       |       |    59 |       |       |       ||    59
Dodge: Dodged            |    34 |    39 |    70 |    98 |   167 |    58 ||   466
Block: Kite shield       |    47 |   108 |   247 |   354 |   684 |   208 ||  1648
